 Dungeon Crawl Stone Soup version 0.22.0-6-g71bd7aa6b3 (console) character file.

55 Garrluk the Ruffian (level 3, -2/28 HPs)
             Began as a Draconian Transmuter on Aug 14, 2018.
             Slain by a mummy (9 damage)
             ... on level 4 of the Dungeon.
             The game lasted 00:04:34 (838 turns).

Garrluk the Ruffian (Draconian Transmuter)           Turns: 838, Time: 00:04:34

Health: -2/28      AC:  6    Str: 12    XL:     3   Next: 67%
Magic:  5/6        EV: 12    Int: 14    God:
Gold:   132        SH:  2    Dex: 11    Spells: 3/6 levels left

rFire    . . .     SeeInvis .     - Unarmed
rCold    . . .     Gourm    .   (no shield)
rNeg     . . .     Faith    .   (armour unavailable)
rPois    .         Spirit   .   (helmet restricted)
rElec    .         Reflect  +   (no cloak)
rCorr    .         Harm     .   k - +0 pair of gloves
MR       .....                  (boots currently unavailable)
Stlth    +.........             b - +2 amulet of reflection
HPRegen  0.09/turn              (no ring)
MPRegen  0.10/turn              (no ring)

@: appendage
A: unfitting armour, talons 3, cold-blooded, AC +5
a: End Transformation


You were on level 4 of the Dungeon.
You were not hungry.
You had grown temporary talons.
You visited 1 branch of the dungeon, and saw 4 of its levels.

You collected 132 gold pieces.

Inventory:

Missiles
 a - 11 arrows
Armour
 k - a +0 pair of gloves (worn)
Jewellery
 b - a +2 amulet of reflection (around neck)
Scrolls
 d - 2 scrolls of fear {unknown}
 e - a scroll of fog {unknown}
 f - a scroll of remove curse {unknown}
 g - 2 scrolls of teleportation {unknown}
Potions
 h - a potion of degeneration {unknown}
Comestibles
 c - 4 rations
 i - 2 chunks of flesh


   Skills:
 - Level 1.1 Fighting
 - Level 1.7 Dodging
 * Level 4.2 Unarmed Combat
 - Level 2.0 Spellcasting
 + Level 2.8 Transmutations


You had 3 spell levels left.
You knew the following spells:

 Your Spells              Type           Power        Failure   Level  Hunger
a - Beastly Appendage     Tmut           #.....       8%          1    ##.....
b - Sticks to Snakes      Tmut           #.......     12%         2    ###....

Your spell library contained the following spells:

 Spells                   Type           Power        Failure   Level  Hunger
 Spider Form              Tmut/Pois      #.........   38%         3    ####...
 Blade Hands              Tmut           #.........   91%         5    ######.
 Ice Form                 Ice/Tmut       #.......     80%         4    #####..


Dungeon Overview and Level Annotations

Branches:
Dungeon (4/15)
 Temple: D:4-7

Altars:
Xom

Portals:
Ossuary: D:4


Innate Abilities, Weirdness & Mutations

Your plain brown scales are hard. (AC +5)
You cannot fit into any form of body armour.
You are cold-blooded and may be slowed by cold attacks.
You have claws for feet.


Message History

The mummy is moderately damaged.
You hit the mummy.
The mummy is moderately damaged.
The mummy hits you.
You barely miss the mummy.
You tail-slap the mummy, but do no damage.
The mummy is moderately damaged.
The mummy hits you!
You hit the mummy.
The mummy is heavily damaged.
Casting: Sticks to Snakes (safe; 12% risk of failure)
Confirm with . or Enter, or press ? or * to list all spells.
Your feet morph into talons.
The mummy hits you.
* * * LOW HITPOINT WARNING * * *
You hit the mummy but do no damage.
The mummy is heavily damaged.
You hit the mummy but do no damage.
The mummy is heavily damaged.
The mummy hits you!
You die...

.......##
.##.......####<....
#......# ## ......##
##.... ........# ......
#.... ......... ......
##... .#####... #...
##... ## ... #.! #...# #
.. ... .# ##..## # .#
#.# ...####..## ####..
..# #.# .........#
...... #..# ###.#
...#....## ......
#..##M@.# ####.###
.###.. #..###.# #...##
.# .# #..##.# ..# ##....
## ...#...#.# ..#
###..... #
.........###..###.......
#
##.......##.........##..
#..##....#.....#### ###
#.. #........# # #
#.......## #.......#
##.......## #


You could see a mummy.

Vanquished Creatures
  2 adders (D:3)
  A dart slug (D:4)
  2 orcs
  4 bats
  3 giant cockroaches
  2 goblins
  A hobgoblin (D:1)
  5 jackals (D:4)
  2 frilled lizards
  A rat (D:3)
23 creatures vanquished.

Vanquished Creatures (collateral kills)
  An adder (D:4)
  A jackal (D:4)
2 creatures vanquished.

Grand Total: 25 creatures vanquished

Notes
Turn   | Place    | Note
-------+----------+-------------------------------------------
     0 | D:1      | Garrluk the Draconian Transmuter began the quest for the Orb.
     0 | D:1      | Reached XP level 1. HP: 16/16 MP: 3/3
   215 | D:1      | Reached XP level 2. HP: 21/23 MP: 5/5
   291 | D:2      | Learned a level 2 spell: Sticks to Snakes
   344 | D:3      | Reached XP level 3. HP: 19/28 MP: 4/6
   572 | D:4      | Found a shimmering altar of Xom.
   599 | D:4      | Reached skill level 4 in Unarmed Combat
   828 | D:4      | Found a sand-covered staircase.
   838 | D:4      | Slain by a mummy

Skill      XL: |  1  2  3 |
---------------+----------+-----
Unarmed Combat | 4 |  4.2
Fighting       | |  1.1
Dodging        | |  1.7
Spellcasting   | |  2.0
Transmutations | |  2.8

Action                   || total
-------------------------++-------
Melee: Unarmed           ||    99
       Tailslap          ||    10
       Punch             ||     3
       Kick              ||     4
       Headbutt          ||     1
 Cast: Beastly Appendage ||     8
       Sticks to Snakes  ||     1
  Use: Potion            ||     1
       Scroll            ||     2
Armor: Skin              ||    34
Dodge: Dodged            ||    65
Block: Other             ||     3
